 Dungeon Crawl Stone Soup version 0.27-a0-1579-g97d2440184 (webtiles) character file.

Game seed: 6181323104862677290

63 dolemite99 the Chopper (level 3, 31/31 HPs)
             Began as a Minotaur Fighter on July 17, 2021.
             Was a Follower of Sif Muna.
             Quit the game on level 2 of the Dungeon.
             The game lasted 00:01:26 (1678 turns).

dolemite99 the Chopper (Minotaur Fighter)           Turns: 1678, Time: 00:01:26

Health: 31/31      AC: 11    Str: 21    XL:     3   Next: 89%
Magic:  2/2        EV:  6    Int:  5    God:    Sif Muna [*.....]
Gold:   100        SH:  4    Dex:  9    Spells: 2/2 levels left

rFire    . . .     SeeInvis .   a - +0 war axe
rCold    . . .     Faith    .   j - +0 buckler
rNeg     . . .     Spirit   +   g - +0 plate armour
rPois    .         Reflect  .   (helmet restricted)
rElec    .         Harm     .   (no cloak)
rCorr    .         Rampage  .   (no gloves)
Will     .....                  (no boots)
Stlth    ..........             m - amulet of guardian spirit
HPRegen  0.10/turn              (no ring)
MPRegen  0.08/turn              (no ring)

@: very slow
A: horns 2, retaliatory headbutt
a: Renounce Religion, Channel Magic


You were on level 2 of the Dungeon.
You worshipped Sif Muna.
Sif Muna was aware of your devotion.
You visited 1 branch of the dungeon, and saw 2 of its levels.

You collected 100 gold pieces.

Inventory:

Hand Weapons
 a - a +0 war axe (weapon)
Missiles
 f - 21 stones (quivered)
 k - 15 poisoned darts
 l - 21 arrows
Armour
 b - a +0 scale mail
 c - a +0 kite shield
 g - a +0 plate armour (worn)
 j - a +0 buckler (worn)
Jewellery
 m - an amulet of guardian spirit (around neck)
Scrolls
 e - a scroll of identify {unknown}
 n - a scroll of amnesia {unknown}
Potions
 d - a potion of might
 h - 2 potions of heal wounds {unknown}
 i - a potion of cancellation {unknown}


   Skills:
 - Level 3.6 Fighting
 + Level 5.2 Axes
 - Level 3.6 Armour
 - Level 3.6 Shields


You had 2 spell levels left.
You didn't know any spells.
Your spell library was empty.

Dungeon Overview and Level Annotations

Branches:
Dungeon (2/15)

Altars:
Sif Muna


Innate Abilities, Weirdness & Mutations

You have a pair of horns on your head.
You reflexively headbutt those who attack you in melee.


Message History

You kill the quokka!
No target in view!
No target in view!
No target in view!
No target in view!
You enter the shallow water.
Moving in this stuff is going to be slow.
A spectral hobgoblin comes into view.
Found a faded altar of an unknown god.
Found a leather armour.
You hit the spectral hobgoblin but do no damage.
The spectral hobgoblin hits you but does no damage.
Your plate armour prevents you from hitting the spectral hobgoblin.
Your headbutt misses the spectral hobgoblin.
You block the spectral hobgoblin's attack.
The spectral hobgoblin hits you.
You hit the spectral hobgoblin.
The spectral hobgoblin is almost destroyed.
You block the spectral hobgoblin's attack.
Your plate armour prevents you from hitting the spectral hobgoblin.
You headbutt the spectral hobgoblin.
You destroy the spectral hobgoblin!
No target in view!
No target in view!
No target in view!
You enter the shallow water.
Moving in this stuff is going to be slow.
Found 10 gold pieces.
There is a faded altar of an unknown god here.
You cannot tell which god this altar belongs to.
Convert to them anyway?
Sif Muna accepts your prayer! Sif Muna welcomes you!
You can now call upon Sif Muna for magical energy.
Found an escape hatch in the floor.
You enter the shallow water.
Moving in this stuff is going to be slow.
A goblin comes into view. It is wielding a +0 club.
Found a pearl ring.
The goblin shouts!
Are you sure you want to abandon this character and quit the game? (Confirm with "yes".)

... #=...^ .....
##>..... .....
##....... .....
##......g....
###............
$.[...........
#≈≈≈.≈≈..≈..
#.@≈+++#≈≈..
#.#≈...≈.##
.#≈#≈..≈≈.≈#
#...≈≈.≈.≈.≈#
#.###≈.≈.≈.≈###
#.≈.≈._≈≈.≈≈#
#8.#######.8#.#
.≈#≈#≈.≈.≈≈#≈≈.#
#≈.≈≈≈≈....≈..≈.#


You could see a goblin.

Vanquished Creatures
  An adder (D:2)
  A worm (D:2)
  A dart slug (D:1)
  6 ball pythons
  3 bats (D:2)
  5 endoplasms
  A giant cockroach (D:1)
  A goblin (D:2)
  7 jackals (D:1)
  10 kobolds
  3 quokkas (D:2)
  3 frilled lizards
  2 rats (D:1)
  A spectral hobgoblin (D:2)
45 creatures vanquished.

Notes
Turn   | Place    | Note
-------+----------+-------------------------------------------
     0 | D:1      | dolemite99 the Minotaur Fighter began the quest for the
                  | Orb.
     0 | D:1      | Reached XP level 1. HP: 19/19 MP: 0/0
    28 | D:1      | Reached skill level 3 in Axes
   166 | D:1      | Reached XP level 2. HP: 22/26 MP: 1/1
   662 | D:1      | Reached skill level 4 in Axes
   809 | D:1      | Reached XP level 3. HP: 31/31 MP: 2/2
  1207 | D:2      | Reached skill level 5 in Axes
  1651 | D:2      | Found a faded altar of an unknown god.
  1660 | D:2      | Became a worshipper of Sif Muna the Loreminder
  1660 | D:2      | Reached * piety under Sif Muna
  1678 | D:2      | Quit the game

Illustrated notes

Levels and vault maps discovered:
D:1:      roderic_chinese_lattice_arrival, layout_rooms, minmay_pentomino_r4
D:2:      kennysheep_big_flooded_room, layout_rooms,
          dreamdust_ecumenical_altar_drowned_temple, minmay_misc_feat_encased,
          roderic_lattice_a, minmay_tripent, uniq_crazy_yiuf_cottage

Skill      XL: |  1  2  3 |
---------------+----------+-----
Axes           | 3 4 5 |  5.2
Fighting       | |  3.6
Armour         | |  3.6
Shields        | |  3.6

Action                   || total
-------------------------++-------
Melee: War axe           ||    98
       Headbutt          ||    14
Throw: Stone             ||    48
Armor: Scale mail        ||    18
       Plate armour      ||    45
Dodge: Dodged            ||    22
Block: Kite shield       ||    31
       Buckler           ||     8

Table legend: (Time is in decaauts)
 A = Elapsed time spent in this place.
 B = Non-inter-level travel time spent in this place.
 C = Inter-level travel time spent in this place.
 D = Time resting spent in this place.
 E = Time spent auto-exploring this place.
 F = Levels seen in this place.
 G = Mean time per level.
                   A        B        C        D        E       F      G
               +--------+--------+--------+--------+--------+-----+--------+
         Total |   1729 |   1676 |     53 |    220 |   1049 |   2 |  864.5 |
       Dungeon |   1729 |   1676 |     53 |    220 |   1049 |   2 |  864.5 |
               +--------+--------+--------+--------+--------+-----+--------+

Top non-repeatable levels by time:
     D:1: 1099 daAuts
     D:2: 629 daAuts
